 Dungeon Crawl Stone Soup version 0.28-a0-258-g8de209e91f (webtiles) character file.

Game seed: 4805149938472828127

226 daftaero the Skirmisher (level 6, -1/57 HPs)
             Began as a Hill Orc Fighter on Aug 26, 2021.
             Killed from afar by Ijyb (25 damage)
             ... with a bolt of acid
             ... on level 3 of the Dungeon.
             The game lasted 00:03:52 (2392 turns).

daftaero the Skirmisher (Hill Orc Fighter)          Turns: 2392, Time: 00:03:53

Health: -1/57      AC:  8    Str: 20    XL:     6   Next: 1%
Magic:  6/6        EV:  7    Int:  8    God:
Gold:   65         SH:  8    Dex: 11    Spells: 5/5 levels left

rFire   . . .      SeeInvis .   a - +0 war axe
rCold   . . .      Faith    .   c - +0 kite shield
rNeg    . . .      Spirit   .   b - +0 scale mail
rPois   .          Reflect  .   (no helmet)
rElec   .          Harm     .   (no cloak)
rCorr   .          Rampage  .   (no gloves)
Will    .....                   n - +0 pair of boots
Stlth   ..........              h - amulet of regeneration
HPRegen 1.19/turn               (no ring)
MPRegen 0.10/turn               (no ring)

@: no status effects
A: no striking features
a: no special abilities


You were on level 3 of the Dungeon.
You visited 1 branch of the dungeon, and saw 3 of its levels.

You collected 65 gold pieces.

Inventory:

Hand Weapons
 a - a +0 war axe (weapon)
Missiles
 m - 6 atropa-tipped darts (quivered)
Armour
 b - a +0 scale mail (worn)
 c - a +0 kite shield (worn)
 n - a +0 pair of boots (worn)
Jewellery
 h - an amulet of regeneration (around neck)
Scrolls
 g - a scroll of blinking {unknown}
 i - 3 scrolls of identify {unknown}
 j - a scroll of teleportation {unknown}
 k - a scroll of fear {unknown}
Potions
 d - a potion of might
 e - a potion of haste {unknown}
 f - a potion of ambrosia {unknown}
 l - 2 potions of curing {unknown}
 o - a potion of lignification {unknown}


   Skills:
 + Level 6.0 Fighting
 + Level 5.9 Axes
 - Level 3.2 Armour
 - Level 3.2 Shields


You had 5 spell levels left.
You didn't know any spells.
Your spell library contained the following spells:

 Spells                   Type           Power      Damage    Failure   Level
 Shock                    Conj/Air       0%         1d3       99%         1
 Swiftness                Air            0%         N/A       100%        3
 Airstrike                Air            0%         N/A       100%        4


Dungeon Overview and Level Annotations

Branches:
Dungeon (3/15)

Altars:
Qazlal

Annotations:
D:3 Ijyb


Message History

Items here: )) [ ††.
Okay, then.
Things that are here:
a +0 flail; an orc corpse
p - a +0 flail Drop what? 16/52 slots (_ for help) (? for menu, Esc to quit)
You drop a +0 flail.
You see here a +0 flail.
Items here: )) [ ††.
You see here a +1 falchion of electrocution.
Found a purple potion.
l - 2 purple potions (gained 1)
Found a stone staircase leading down.
There is a stone staircase leading down here.
There is a stone staircase leading up here.
Ijyb the Twisted Goblin comes into view.
She is wielding a +0 club and carrying a wand of acid (8).
Ijyb shouts!
Ijyb zaps a wand.
The bolt of acid hits you!!
Ijyb is nearby!
Ijyb is nearby!
Ijyb is nearby!
Ijyb is nearby!
Ijyb hits you but does no damage.
You hit Ijyb.
Ijyb is lightly wounded.
Ijyb hits you with a +0 club. You block Ijyb's attack.
You barely miss Ijyb.
Ijyb is lightly wounded.
You block Ijyb's attack.
You hit Ijyb.
Ijyb is moderately wounded.
Ijyb screams, "You nasty!
Big nasty!"
Ijyb zaps a wand.
The bolt of acid hits you! Ijyb closely misses you.
You slash Ijyb!
Ijyb is severely wounded.
Ijyb zaps a wand.
The bolt of acid hits you!
You barely miss Ijyb.
Ijyb is severely wounded.
Ijyb zaps a wand.
The bolt of acid hits you!!
You die...

######
#....###########
####..............#
.>...#..#####.....#
##.###...#...###@.#
...# #####.....g###
.### #...#..###..#
######......# #..#
.....##'##..# #..#
.....#...#..# +.g#
.....#888#..# #..#
.....######.#######
............†.....#


You could see Ijyb.

Vanquished Creatures
  A scorpion (D:3)
  A jelly (D:3)
  An orc wizard (D:3)
  4 adders
  A gnoll (D:1)
  4 worms (D:2)
  A dart slug (D:1)
  6 orcs (D:3)
  4 ball pythons
  An endoplasm (D:1)
  2 giant cockroaches (D:1)
  3 goblins
  5 hobgoblins
  4 quokkas
  10 bats
  A kobold (D:1)
  A rat (D:1)
50 creatures vanquished.

Notes
Turn   | Place    | Note
-------+----------+-------------------------------------------
     0 | D:1      | daftaero the Hill Orc Fighter began the quest for the Orb.
     0 | D:1      | Reached XP level 1. HP: 19/19 MP: 1/1
   390 | D:1      | Reached skill level 4 in Fighting
   390 | D:1      | Reached XP level 2. HP: 25/27 MP: 2/2
   700 | D:1      | Reached XP level 3. HP: 34/34 MP: 3/3
  1337 | D:2      | Reached XP level 4. HP: 33/41 MP: 4/4
  1413 | D:2      | Reached skill level 5 in Fighting
  1563 | D:2      | Found a stormy altar of Qazlal.
  1798 | D:3      | Noticed a scorpion
  1919 | D:3      | Reached skill level 5 in Axes
  1970 | D:3      | Killed a scorpion
  1971 | D:3      | Reached XP level 5. HP: 47/50 MP: 5/5
  2147 | D:3      | Reached skill level 6 in Fighting
  2147 | D:3      | Reached XP level 6. HP: 57/57 MP: 6/6
  2381 | D:3      | Noticed Ijyb
  2392 | D:3      | Killed from afar by Ijyb

Illustrated notes

Levels and vault maps discovered:
D:1:      dpeg_arrival_oval, layout_basic
D:2:      layout_loops_ring, basic_altar, kennysheep_nondescript
D:3:      layout_rooms, shapermc_ecumenical_altar_mp_vishouse, uniq_ijyb

Skill      XL: |  1  2  3  4  5 |
---------------+----------------+-----
Axes           | 3 4 5 |  5.9
Fighting       | 4 5 6 |  6.0
Armour         | |  3.2
Shields        | |  3.2

Action                   |  1- 3 |  4- 6 || total
-------------------------+-------+-------++-------
Melee: War axe           |    92 |    72 ||   164
Throw: Dart              |       |     1 ||     1
Armor: Scale mail        |    43 |    44 ||    87
Dodge: Dodged            |    34 |    26 ||    60
Block: Kite shield       |    33 |    35 ||    68

Table legend: (Time is in decaauts)
 A = Elapsed time spent in this place.
 B = Non-inter-level travel time spent in this place.
 C = Inter-level travel time spent in this place.
 D = Time resting spent in this place.
 E = Time spent auto-exploring this place.
 F = Levels seen in this place.
 G = Mean time per level.
                   A        B        C        D        E       F      G
               +--------+--------+--------+--------+--------+-----+--------+
         Total |   2478 |   2456 |     22 |      0 |   1841 |   3 |  826.0 |
       Dungeon |   2478 |   2456 |     22 |      0 |   1841 |   3 |  826.0 |
               +--------+--------+--------+--------+--------+-----+--------+

Top non-repeatable levels by time:
     D:1: 960 daAuts
     D:2: 910 daAuts
     D:3: 606 daAuts
